 Dungeon Crawl Stone Soup version 0.31-a0-675-g238779eb0a (webtiles) character file.

Game seed: 10423336983993441225

298 Essalna the Conjurer (level 6, -4/41 HPs)
             Began as a Demonspawn Conjurer on Sept 5, 2023.
             Succumbed to a water moccasin's poison
             ... on level 4 of the Dungeon.
             The game lasted 00:05:21 (4097 turns).

Essalna the Conjurer (Demonspawn Conjurer)          Turns: 4097, Time: 00:05:22

Health: -4/41      AC:  5    Str: 14    XL:     6   Next: 13%
Magic:  0/21       EV: 12    Int: 21    God:
Gold:   121        SH:  0    Dex: 11    Spells: 10/13 levels left

rFire   + . .        h - +0 short sword (venom)
rCold   + . .        (no shield)
rNeg    . . .        a - +0 robe
rPois   +            (no helmet)
rElec   +            i - +0 cloak
rCorr   +            (no gloves)
SInv    .            (no boots)
Will    .....        (no amulet)
Stlth   ++           j - ring of magical power
HPRegen 0.26/turn    m - +6 ring of strength
MPRegen 0.17/turn

%: no passive effects
@: lethally poisoned (-4 -> -27), resistant
A: yellow scales 1, powered by pain 1
a: no special abilities


You were on level 4 of the Dungeon.
You visited 1 branch of the dungeon, and saw 4 of its levels.

You collected 121 gold pieces.

Inventory:

Hand Weapons
 c - a +0 mace
 h - a +0 short sword of venom (weapon)
Missiles
 r - a throwing net
Armour
 a - a +0 robe (worn)
 i - a +0 cloak (worn)
Jewellery
 j - a ring of magical power (left hand)
 m - a +6 ring of strength (right hand)
Scrolls
 e - 2 scrolls of amnesia {unknown}
 f - 2 scrolls of teleportation {unknown}
 k - a scroll of noise {unknown}
 o - a scroll of revelation {unknown}
Potions
 b - a potion of magic
 d - 2 potions of lignification
 p - a potion of curing {unknown}
 q - a potion of mutation {unknown}


   Skills:
 - Level 1.7 Dodging
 - Level 1.7 Stealth
 + Level 4.4 Spellcasting
 + Level 6.0 Conjurations


You had 10 spell levels left.
You knew the following spells:

 Your Spells              Type           Power      Damage    Failure   Level
a - Magic Dart            Conj           100%       1d8       1%          1
b - Searing Ray           Conj           58%        2d6       1%          2

Your spell library contained the following spells:

 Spells                   Type           Power      Damage    Failure   Level
 Dazzling Flash           Conj/Hex       34%        N/A       10%         3
 Wereblood                Tmut           4%         N/A       17%         2
 Fulminant Prism          Conj/Hex       8%         3d7       32%         4
 Iskenderun's Mystic Bla  Conj/Tloc      17%        2d5       32%         4
 Irradiate                Conj/Tmut      8%         3d14      67%         5


Dungeon Overview and Level Annotations

Branches:
Dungeon (4/15)
 Temple: D:4-7

Altars:

Shops:
D:3 ?


Innate Abilities, Weirdness & Mutations

You are partially covered in yellow scales. (AC +2)
You sometimes gain a little power by taking damage.


Message History

The water moccasin misses you. The water moccasin bites you.
You are lethally poisoned!
The water moccasin poisons you!
You barely miss the water moccasin.
The water moccasin is severely wounded.
* * * LOW HITPOINT WARNING * * *
You feel very sick. The water moccasin misses you.
It was a potion of lignification.
You turn into a tree.
Your +0 cloak melds into your body.
Your +0 robe melds into your body.
Your roots penetrate the ground.
You feel very sick. The water moccasin barely misses you.
The water moccasin bites you but does no damage.
Casting: Searing Ray (safe; 1% risk of failure)
Confirm with . or Enter, or press ? or * to list all spells.
Aiming: Magic Dart (safe; 1% risk of failure)
Press: ? - help, Shift-Dir - straight line, f/p - water moccasin
Aim: a water moccasin (severely wounded, 100% to hit)
The magic dart hits the water moccasin but does no damage.
The water moccasin is severely wounded.
You feel very sick.
The water moccasin bites you but does no damage.
It was a potion of haste.
You feel yourself speed up.
You feel sick.
The goblin no longer looks unusually strong.
The water moccasin bites you but does no damage.
It was a potion of cancellation.
Your magical effects are unravelling.
You feel magically purged.
You feel less wooden.
Your +0 cloak unmelds from your body.
Your +0 robe unmelds from your body.
You feel yourself slow down.
* * * LOW HITPOINT WARNING * * *
You feel sick. The water moccasin bites you.
* * * LOW HITPOINT WARNING * * *
You are more poisoned.
The water moccasin poisons you!
It was a potion of resistance.
You feel protected.
You die...

#.# .. #.# #..
.. #.# ##)# #.#
#g. #.# #S# #)#
#@### #.#
##...### #.#
#.)#...###
######.####
##.####...#####
..........#
#..#
#+#...#.###
#####...#.#
##.##
##.##...### #
#......# #..#
#..#..#...##
##...#.###.##
##.##.####...
##.##......###
#..#..'..###.


You could see a water moccasin and a goblin.

Vanquished Creatures
  Eustachio (D:4)
  An orc wizard (D:2)
  Robin (D:4)
  3 adders
  A dart slug (D:1)
  6 orcs
  5 ball pythons
  3 bats
  4 endoplasms
  3 giant cockroaches
  17 goblins
  14 hobgoblins
  4 quokkas
  3 frilled lizards
  4 kobolds (D:1)
  3 rats
73 creatures vanquished.

Notes
Turn   | Place    | Note
-------+----------+-------------------------------------------
     0 | D:1      | Essalna the Demonspawn Conjurer began the quest for the
                  | Orb.
     0 | D:1      | Reached XP level 1. HP: 13/13 MP: 3/3
   252 | D:1      | Gained mutation: You sometimes gain a little power by
                  | taking damage. [demonic ancestry]
   252 | D:1      | Reached XP level 2. HP: 19/19 MP: 1/5
   890 | D:1      | Gained mutation: You are partially covered in yellow
                  | scales. (AC +2) [demonic ancestry]
   890 | D:1      | Reached XP level 3. HP: 24/24 MP: 4/7
  1403 | D:2      | Learned a level 2 spell: Searing Ray
  2256 | D:2      | Reached XP level 4. HP: 29/30 MP: 8/8
  2262 | D:2      | Reached skill level 5 in Conjurations
  3177 | D:3      | Found a faded altar of an unknown god.
  3253 | D:3      | Found Toubisui's Magic Scroll Emporium.
  3622 | D:4      | Noticed Eustachio
  3719 | D:4      | Killed Eustachio
  3720 | D:4      | Reached XP level 5. HP: 20/35 MP: 10/11
  3720 | D:4      | Reached XP level 6. HP: 24/41 MP: 10/12
  4073 | D:4      | Noticed Robin
  4085 | D:4      | Killed Robin
  4085 | D:4      | Noticed a water moccasin
  4091 | D:4      | Reached skill level 6 in Conjurations
  4096 | D:4      | HP: 1/41 [water moccasin (4)]
  4097 | D:4      | Succumbed to a water moccasin's poison

Illustrated notes

Levels and vault maps discovered:
D:1:      erik_arrival_orb_chamber, layout_basic
D:2:      kennysheep_the_goblin_king, layout_loops_ring, serial_forest,
          infiniplex_forest_zigzag_2, infiniplex_forest_clump_C,
          infiniplex_forest_lined_room_2, infiniplex_forest_end_2,
          infiniplex_forest_clump_small, infiniplex_forest_lined_2,
          infiniplex_forest_end_1, infiniplex_forest_clump_C,
          infiniplex_forest_pool, infiniplex_forest_diagonal
D:3:      layout_basic, serial_shops, shop,
          hellmonk_ecumenical_altar_leap_of_faith, kennysheep_another_room,
          amcnicky_mini_pool_small, kennysheep_generic_room_9
D:4:      minmay_skewed_foursquare, layout_loops_corners,
          gammafunk_ghost_cemetery, uniq_robin, uniq_eustachio

Skill      XL: |  1  2  3  4  5  6 |
---------------+-------------------+-----
Spellcasting   | 3 4 |  4.4
Conjurations   | 5 6 |  6.0
Dodging        | |  1.7
Stealth        | |  1.7

Action                     |  1- 3 |  4- 6 || total
---------------------------+-------+-------++-------
  Melee: Mace              |    15 |       ||    15
         Short sword       |     1 |     1 ||     2
   Cast: Magic Dart        |    96 |    57 ||   153
         Searing Ray       |       |     9 ||     9
    Use: Potion            |       |     4 ||     4
 Armour: Robe              |    13 |    25 ||    38
         Skin              |       |     3 ||     3
  Dodge: Dodged            |    16 |    25 ||    41

Table legend: (Time is in decaauts)
 A = Elapsed time spent in this place.
 B = Non-inter-level travel time spent in this place.
 C = Inter-level travel time spent in this place.
 D = Time resting spent in this place.
 E = Time spent auto-exploring this place.
 F = Levels seen in this place.
 G = Mean time per level.
                   A        B        C        D        E       F      G
               +--------+--------+--------+--------+--------+-----+--------+
         Total |   4102 |   4015 |     87 |     74 |   3569 |   4 | 1025.5 |
       Dungeon |   4102 |   4015 |     87 |     74 |   3569 |   4 | 1025.5 |
               +--------+--------+--------+--------+--------+-----+--------+

Top non-repeatable levels by time:
     D:1: 1404 daAuts
     D:2: 1245 daAuts
     D:3: 1053 daAuts
     D:4: 398 daAuts
